 Dungeon Crawl Stone Soup version 0.28-a0-750-g7c675f85b1 (webtiles) character file.

Game seed: 15879467466243194475

758 Demosthentine the Chopper (level 7, 0/38 HPs)
             Began as a Vine Stalker Chaos Knight on Oct 29, 2021.
             Was a Plaything of Xom.
             Succumbed to a water moccasin's poison
             ... on level 5 of the Dungeon.
             The game lasted 00:05:11 (4135 turns).

Demosthentine the Chopper (VSCK)                    Turns: 4135, Time: 00:05:12

Health: 0/38       AC:  5    Str: 16    XL:     7   Next: 80%
Magic:  2/8        EV: 12    Int:  8    God:    Xom [...*..]
Gold:   707        SH:  0    Dex: 14    Spells: 6/6 levels left

rFire   . . .      SeeInvis .   a - +0 hand axe (chaos)
rCold   . . .      Faith    .   (no shield)
rNeg    . . .      Spirit   +   b - +2 leather armour
rPois   .          Reflect  .   (helmet restricted)
rElec   .          Harm     .   (no cloak)
rCorr   .          Rampage  .   (no gloves)
Will    .....                   (no boots)
Stlth   +.........              (no amulet)
HPRegen 1.12/turn               (no ring)
MPRegen 0.11/turn               (no ring)

@: lethally poisoned (0 -> -3)
A: fangs 2, regeneration 1, magic shield, antimagic bite, no potion heal 2,
antennae 1, dopey 2
a: Renounce Religion


You were on level 5 of the Dungeon.
You worshipped Xom.
You were a favourite toy of Xom.
You visited 2 branches of the dungeon, and saw 6 of its levels.
You also visited: Sewer.

You collected 882 gold pieces.
You spent 175 gold pieces at shops.

Inventory:

Hand Weapons
 a - a +0 hand axe of chaos (weapon)
Armour
 b - a +2 leather armour (worn)
Jewellery
 n - an amulet of reflection
Scrolls
 d - 2 scrolls of teleportation
 h - a scroll of enchant weapon
Potions
 c - a potion of flight
 e - 2 potions of haste
 f - a potion of resistance {unknown}
 i - a potion of might
 j - a potion of magic {unknown}
 k - a potion of invisibility
 l - 3 potions of brilliance
 m - a potion of cancellation {unknown}
 o - a potion of attraction {unknown}


   Skills:
 + Level 4.5 Fighting
 + Level 4.6 Axes
 + Level 3.8 Armour
 + Level 3.4 Dodging


You had 6 spell levels left.
You didn't know any spells.
Your spell library contained the following spells:

 Spells                   Type           Power      Damage    Failure   Level
 Magic Dart               Conj           0%         1d3       45%         1
 Slow                     Hex            0%         N/A       45%         1
 Searing Ray              Conj           0%         2d4       61%         2
 Confusing Touch          Hex            0%         N/A       83%         3
 Vampiric Draining        Necr           0%         2d6       83%         3
 Fulminant Prism          Conj/Hex       0%         3d6       99%         4
 Yara's Violent Unravell  Hex/Tmut       0%         3d3       100%        5
 Conjure Ball Lightning   Conj/Air       0%         3x3d6     100%        6
 Borgnjor's Revivificati  Necr           0%         N/A       100%        8
 Discord                  Hex            0%         N/A       100%        8
 Disjunction              Tloc           0%         N/A       100%        8
 Necromutation            Tmut/Necr      0%         N/A       100%        8
 Death's Door             Necr           0%         N/A       100%        9


Dungeon Overview and Level Annotations

Branches:
Dungeon (5/15)             Temple (1/1) D:4           Sewer (visited)

Altars:
Ashenzari
Elyvilon
Fedhas
Hepliaklqana
Makhleb
Nemelex Xobeh
Okawaru
Ru
Sif Muna
Trog
Uskayaw
Vehumet
Wu Jian
Xom
Yredelemnul
Zin
The Shining One

Shops:
D:2 ([[   D:4 *   D:5 ?


Innate Abilities, Weirdness & Mutations

You have extremely sharp teeth.
Your natural rate of healing is unusually fast.
When hurt, damage is shared between your health and your magic reserves.
Your bite disrupts and absorbs the magic of your enemies.
Potions cannot restore your health.
You have a pair of small antennae on your head.
You are very dopey. (Int -4)


Message History

You are too injured to fight recklessly!
You hit the water moccasin. You burn the water moccasin.
Your bite misses the water moccasin.
The water moccasin is almost dead.
You feel very sick. The water moccasin closely misses you.
You closely miss the water moccasin. Your bite misses the water moccasin.
The water moccasin is almost dead.
* * * LOW HITPOINT WARNING * * *
You feel very sick. The water moccasin bites you.
* * * LOW HITPOINT WARNING * * *
You are more poisoned.
The water moccasin poisons you!
The water moccasin bites you but does no damage.
Your system rejects the healing.
You feel better. The water moccasin barely misses you.
You hit the water moccasin.
The water moccasin flickers and vanishes!
Deactivating autopickup; reactivate with Ctrl-A.
Your bite misses something. Something bites you but does no damage.
You hit something.
Nothing appears to happen.
Something bites you!
* * * LOW HITPOINT WARNING * * *
You are lethally poisoned!
Something poisons you! Something barely misses you.
You completely miss something. You bite something.
* * * LOW HITPOINT WARNING * * *
You feel very sick. Something barely misses you.
Your system rejects the healing.
You feel better. Something bites you.
* * * LOW HITPOINT WARNING * * *
Something bites you.
* * * LOW HITPOINT WARNING * * *
You are lethally poisoned!
Something poisons you!
You hit something. You burn something.
Reactivating autopickup.
You feel a bit more experienced.
You die...
Xom roars with laughter!

####
...################
...#..............#
...+..............#
...#............@.#
...#..............#
...######..########
....#..##..###....
..[.#.............
....#.............
....#..^..........
....##'###.####...
#........#.# ..


There were no monsters in sight!

Vanquished Creatures
  Eustachio (D:4)
  A water moccasin (D:5)
  Blork the orc (D:5)
  2 kobold brigands (Sewer)
  A scorpion (D:5)
  A hound (D:4)
  A bullfrog skeleton (D:5)
  A centaur skeleton (D:5)
  An iguana (D:4)
  An orc wizard (D:4)
  6 adders
  3 river rats
  2 ufetubi
  An adder zombie (D:5)
  4 worms
  2 dart slugs
  8 orcs
  16 ball pythons
  4 endoplasms
  A giant cockroach (D:1)
  6 goblins
  6 hobgoblins
  3 jackals (D:4)
  3 quokkas
  5 bats
  5 frilled lizards
  18 kobolds
  32 rats
136 creatures vanquished.

Notes
Turn   | Place    | Note
-------+----------+-------------------------------------------
     0 | D:1      | Demosthentine the Vine Stalker Chaos Knight began the quest
                  | for the Orb.
     0 | D:1      | Reached XP level 1. HP: 11/11 MP: 2/2
    50 | D:1      | XOM: silly message
   304 | D:1      | Found a faded altar of an unknown god.
   355 | D:1      | Reached skill level 1 in Dodging
   455 | D:1      | XOM: divination: magic mapping
   475 | D:1      | Reached XP level 2. HP: 16/16 MP: 3/3
  1163 | D:2      | Reached XP level 3. HP: 14/19 MP: 2/4
  1608 | D:2      | Found Apnot's Antique Armour Emporium.
  1642 | D:2      | Found Osar's Weapon Shop.
  1651 | D:2      | Found Sijeptif's Armour Shop.
  1651 | D:2      | XOM: 1-stop teleportation journey
  1941 | D:3      | Found a blossoming altar of Fedhas.
  1953 | D:3      | Found a glowing golden altar of the Shining One.
  2033 | D:3      | Found a glowing drain.
  2033 | D:3      | Found a hide-covered altar of Uskayaw.
  2033 | D:3      | Found a sacrificial altar of Ru.
  2033 | D:3      | XOM: 5-stop teleportation journey
  2040 | D:3      | Gained mutation: Your natural rate of healing is unusually
                  | fast. [Vine Stalker growth]
  2040 | D:3      | Reached XP level 4. HP: 10/24 MP: 3/5
  2269 | Sewer    | Entered a sewer
  2384 | Sewer    | Reached XP level 5. HP: 28/28 MP: 4/6
  2433 | Sewer    | XOM: 1-stop teleportation journey
  2489 | Sewer    | Noticed a kobold brigand
  2489 | Sewer    | Noticed a kobold brigand
  2500 | Sewer    | XOM: cast spell 'Cause Fear'
  2501 | Sewer    | Killed a kobold brigand
  2502 | Sewer    | Killed a kobold brigand
  2503 | Sewer    | Reached XP level 6. HP: 10/33 MP: 2/7
  2717 | Sewer    | XOM: smoke on damage
  3205 | D:3      | Identified a scroll of acquirement
  3205 | D:3      | Acquired 724 gold pieces
  3300 | D:4      | Noticed Eustachio
  3318 | D:4      | XOM: confuse monster(s)
  3324 | D:4      | Killed Eustachio
  3325 | D:4      | Reached XP level 7. HP: 36/37 MP: 8/8
  3456 | D:4      | Found Koniuc's Lightly-Used Armoury.
  3476 | D:4      | XOM: give mutations
  3476 | D:4      | Gained mutation: You are dopey. (Int -2) [Xom's mischief]
  3476 | D:4      | Gained mutation: You are very dopey. (Int -4) [Xom's
                  | mischief]
  3476 | D:4      | Gained mutation: You have a pair of small antennae on your
                  | head. [Xom's mischief]
  3509 | D:4      | Found a bloodstained altar of Trog.
  3612 | D:4      | Found a staircase to the Ecumenical Temple.
  3754 | D:4      | XOM: noise
  3769 | Temple   | Entered the Ecumenical Temple
  4009 | D:5      | Entered Level 5 of the Dungeon
  4009 | D:5      | Found Sega's Magic Scroll Shoppe.
  4015 | D:5      | Noticed Blork the orc
  4024 | D:5      | Killed Blork the orc
  4055 | D:5      | Bought a scroll of teleportation for 39 gold pieces
  4055 | D:5      | Bought a scroll of teleportation for 39 gold pieces
  4055 | D:5      | Bought a scroll of enchant weapon for 97 gold pieces
  4122 | D:5      | XOM: confuse monster(s)
  4135 | D:5      | Succumbed to a water moccasin's poison

Illustrated notes

Levels and vault maps discovered:
D:1:      lightli_arrival_chessboard, layout_loops_corners,
          hellmonk_ecumenical_altar_pennies_from_heaven, grunt_decor_junction,
          lemuel_old_faithful
D:2:      minmay_angry_zag, layout_loops_ring, serial_shops,
          nicolae_shop_crystal, shop, shop
D:3:      layout_basic, mainiacjoe_overflow_alcove_2, old_standard_altar,
          mainiacjoe_overflow_concentric_impassable,
          mainiacjoe_overflow_catwalk, cheibrodos_sewer_entry_sluice
D:4:      layout_rooms, mainiacjoe_overflow_alcove_1,
          minmay_temple_entry_poolview, minmay_shop_damaged, grunt_ministairs_2,
          uniq_eustachio
D:5:      cheibrodos_thug_alley, layout_gridville, serial_shops,
          nicolae_diamond_shop, chequers_arboretum, cheibrodos_gnoll_hut,
          uniq_pikel, uniq_blork_the_orc
Temple:   minmay_temple_bridge_abc

Skill      XL: |  1  2  3  4  5  6 |
---------------+-------------------+-----
Dodging        | 1 2 3 |  3.4
Fighting       | 3 4 |  4.5
Axes           | 3 4 |  4.6
Armour         | 2 3 |  3.8

Action                   |  1- 3 |  4- 6 |  7- 9 || total
-------------------------+-------+-------+-------++-------
Melee: Hand axe          |    91 |   160 |    68 ||   319
       Bite              |    21 |    38 |    22 ||    81
  Use: Scroll            |     5 |     2 |     2 ||     9
       Potion            |       |     5 |     2 ||     7
 Stab: Sleeping          |     1 |       |     1 ||     2
       Invisible         |       |     3 |       ||     3
       Confused          |       |     2 |       ||     2
Armor: Leather armour    |    29 |    62 |    29 ||   120
Dodge: Dodged            |    45 |   126 |    69 ||   240

Table legend: (Time is in decaauts)
 A = Elapsed time spent in this place.
 B = Non-inter-level travel time spent in this place.
 C = Inter-level travel time spent in this place.
 D = Time resting spent in this place.
 E = Time spent auto-exploring this place.
 F = Levels seen in this place.
 G = Mean time per level.
                   A        B        C        D        E       F      G
               +--------+--------+--------+--------+--------+-----+--------+
         Total |   4192 |   4005 |    187 |     51 |   2928 |   7 |  598.9 |
       Dungeon |   3273 |   3087 |    186 |      0 |   2313 |   5 |  654.6 |
        Temple |    196 |    196 |      0 |      0 |    167 |   1 |  196.0 |
         Sewer |    721 |    721 |      0 |     51 |    448 |   1 |  721.0 |
               +--------+--------+--------+--------+--------+-----+--------+

Top non-repeatable levels by time:
     D:1: 1008 daAuts
     D:2: 946 daAuts
   Sewer: 721 daAuts
     D:3: 617 daAuts
     D:4: 571 daAuts
  Temple: 196 daAuts
     D:5: 128 daAuts
